 Dungeon Crawl Stone Soup version 0.29.1-15-g9cfb28693d (webtiles) character file.

Game seed: 2280717089287600188

167 EarthwalkerPL the Trooper (level 5, -6/48 HPs)
             Began as a Minotaur Fighter on Mar 29, 2023.
             Mangled by a gnoll
             ... wielding a +0 flail
              (8 damage)
             ... on level 3 of the Dungeon.
             The game lasted 00:02:18 (2001 turns).

EarthwalkerPL the Trooper (Minotaur Fighter)        Turns: 2001, Time: 00:02:19

Health: -6/48      AC:  8    Str: 23    XL:     5   Next: 23%
Magic:  4/4        EV:  9    Int:  5    God:
Gold:   71         SH:  0    Dex:  9    Spells: 4/4 levels left

rFire   . . .      SeeInvis .   a - +0 war axe
rCold   . . .      Faith    .   c - +0 buckler
rNeg    . . .      Spirit   .   b - +0 scale mail
rPois   .          Reflect  .   (helmet restricted)
rElec   .          Harm     .   m - +0 cloak
rCorr   .          Rampage  .   (no gloves)
Will    .....                   (no boots)
Stlth   ..........              o - amulet of the acrobat
HPRegen 0.16/turn               (no ring)
MPRegen 0.09/turn               (no ring)

@: confused
A: horns 2, retaliatory headbutt
a: no special abilities


You were on level 3 of the Dungeon.
You visited 1 branch of the dungeon, and saw 3 of its levels.

You collected 71 gold pieces.

Inventory:

Hand Weapons
 a - a +0 war axe (weapon)
Missiles
 g - 8 poisoned darts (quivered)
 h - 6 atropa-tipped darts
Armour
 b - a +0 scale mail (worn)
 c - a +0 buckler (worn)
 m - a +0 cloak (worn)
Jewellery
 o - an amulet of the acrobat (around neck)
Scrolls
 e - a scroll of fog {unknown}
 f - 2 scrolls of noise {unknown}
 j - 3 scrolls of identify {unknown}
 k - 2 scrolls of teleportation {unknown}
 n - a scroll of immolation {unknown}
Potions
 d - a potion of might
 i - a potion of degeneration {unknown}
 l - a potion of curing


   Skills:
 * Level 5.0 Fighting
 * Level 4.0 Axes
 * Level 4.8 Armour
 + Level 4.2 Shields


You had 4 spell levels left.
You didn't know any spells.
Your spell library was empty.

Dungeon Overview and Level Annotations

Branches:
Dungeon (3/15)

Altars:


Innate Abilities, Weirdness & Mutations

You have a pair of horns on your head.
You reflexively headbutt those who attack you in melee.


Message History

You barely miss the gnoll. The gnoll hits you but does no damage.
The gnoll hits you with a +0 flail. The gnoll barely misses you.
You hit the gnoll.
You kill the gnoll!
You barely miss the orc wizard. You hit the gnoll.
The orc wizard gestures wildly while chanting.
The orc wizard flickers and vanishes!
Deactivating autopickup; reactivate with Ctrl-A.
The gnoll hits you from afar with a +0 halberd.
The gnoll barely misses you. Something hits you but does no damage.
The gnoll hits you from afar with a +0 halberd!
The orc barely misses you. You furiously retaliate!
You headbutt the orc, but do no damage. The gnoll hits you with a +0 flail.
You are too injured to fight recklessly!
Unknown command.
You are too injured to fight recklessly!
Unknown command.
You are too injured to fight recklessly!
You closely miss the gnoll.
The gnoll is moderately wounded.
You hit the orc but do no damage. You slash something!
The orc completely misses you.
The gnoll hits you from afar with a +0 halberd.
* * * LOW HITPOINT WARNING * * *
The gnoll closely misses you.
You hear some strange, mumbled words.
You are confused.
The gnoll completely misses you. The gnoll misses you.
A worm comes into view.
Something hits you but does no damage.
You're too confused to move!
The orc hits you with a +0 club.
* * * LOW HITPOINT WARNING * * *
The gnoll barely misses you. Something hits you but does no damage.
The gnoll hits you with a +0 flail.
* * * LOW HITPOINT WARNING * * *
You bump into the rock wall.
The orc hits you but does no damage.
The gnoll hits you from afar with a +0 halberd!
* * * LOW HITPOINT WARNING * * *
The gnoll hits you with a +0 flail!
You die...

...####...##>.........#
...# ##..#..........#
...# #.#..........#
...# ............# ...#
###..........# ...#
#..........##
#...........#
#.....#####.... #..ho@#
#### #..)g{# #....g#
#.....# #.....# #.....#
#....w# ....<..


You could see a black bear, a worm, 2 gnolls and an orc.

Vanquished Creatures
  Crazy Yiuf (D:2)
  6 adders
  A gnoll (D:3)
  3 worms (D:2)
  An orc (D:3)
  5 endoplasms
  5 giant cockroaches
  9 goblins
  4 hobgoblins
  4 jackals (D:1)
  3 quokkas
  4 ball pythons
  8 bats
  4 frilled lizards
  4 kobolds
  4 rats
66 creatures vanquished.

Notes
Turn   | Place    | Note
-------+----------+-------------------------------------------
     0 | D:1      | EarthwalkerPL the Minotaur Fighter began the quest for the
                  | Orb.
     0 | D:1      | Reached XP level 1. HP: 19/19 MP: 0/0
   171 | D:1      | Reached XP level 2. HP: 27/27 MP: 1/1
   186 | D:1      | Reached skill level 4 in Fighting
   428 | D:1      | Reached XP level 3. HP: 33/33 MP: 2/2
   949 | D:2      | Reached XP level 4. HP: 41/41 MP: 3/3
  1640 | D:2      | Found a runed translucent door.
  1641 | D:2      | Noticed Crazy Yiuf
  1880 | D:2      | Killed Crazy Yiuf
  1881 | D:2      | Reached XP level 5. HP: 47/47 MP: 4/4
  1940 | D:3      | Reached skill level 5 in Fighting
  1995 | D:3      | Noticed a black bear
  2001 | D:3      | HP: 2/48 [gnoll/+0 halberd (10)]
  2001 | D:3      | Mangled by a gnoll

Illustrated notes

Levels and vault maps discovered:
D:1:      eino_arrival_cavern_b, layout_loops_cross, minmay_hedge_maze,
          minivault_23
D:2:      layout_basic, uniq_crazy_yiuf_cottage
D:3:      layout_basic

Skill      XL: |  1  2  3  4  5 |
---------------+----------------+-----
Fighting       | 4 5 |  5.0
Armour         | 4 |  4.8
Axes           | 3 4 |  4.0
Shields        | 4 |  4.2

Action                   |  1- 3 |  4- 6 || total
-------------------------+-------+-------++-------
Melee: War axe           |    74 |    65 ||   139
       Headbutt          |     6 |    12 ||    18
Armor: Scale mail        |    41 |    40 ||    81
Dodge: Dodged            |    44 |    33 ||    77
Block: Buckler           |    15 |    10 ||    25
